 Dungeon Crawl Stone Soup version 0.24.0-125-gc4c63601f3 (webtiles) character file.

Game seed: 6945878207974837575, levelgen mode: deterministic

205 Descartes the Ducker (level 5, -1/22 (24) HPs)
             Began as a Felid Warper on Mar 7, 2020.
             Slain by a hound (5 damage)
             ... on level 4 of the Dungeon.
             The game lasted 00:13:38 (5072 turns).

Descartes the Ducker (Felid Warper)                 Turns: 5072, Time: 00:13:39

HP:   -1/22 (24)    AC:  1    Str:  8    XL:     5   Next: 53%
MP:   9/9           EV: 20    Int: 15    God:
Gold: 169           SH:  0    Dex: 15    Spells: 1/8 levels left
                                        Lives: 0   Deaths: 1

rFire    x . .     SeeInvis +     - Unarmed
rCold    + + .     Gourm    .   (shield unavailable)
rNeg     . . .     Faith    .   (armour unavailable)
rPois    .         Spirit   .   (helmet unavailable)
rElec    .         Reflect  .   (cloak unavailable)
rCorr    .         Harm     .   (gloves unavailable)
MR       .....                  (boots unavailable)
Stlth    +++.......             (no amulet)
HPRegen  0.07/turn              f - ring of ice
MPRegen  0.11/turn              m - ring of protection from cold

@: quick
A: very small, no armour, no weapons or thrown items, stealth, claws 1, fangs 3,
see invisible, carnivore, speed 1, shaggy fur 1, slow metabolism 1, sharp paws
a: no special abilities


You were on level 4 of the Dungeon.
You were full.

You visited 1 branch of the dungeon, and saw 4 of its levels.

You collected 169 gold pieces.

Inventory:

Missiles
 j - 51 arrows
 k - 105 stones
Jewellery
 f - a ring of ice (left paw)
 m - a ring of protection from cold (right paw)
Scrolls
 b - a scroll of blinking
 d - 2 scrolls of identify {unknown}
 e - 4 scrolls of teleportation {unknown}
 g - a scroll of random uselessness {unknown}
 h - a scroll of enchant armour {unknown}
 l - 2 scrolls of remove curse {unknown}
 p - a scroll of fog {unknown}
 q - a scroll of magic mapping {unknown}
 r - a scroll of amnesia {unknown}
Potions
 a - a potion of haste {unknown}
 i - a potion of curing {unknown}
 n - a potion of might {unknown}
 o - a potion of lignification {unknown}
Comestibles
 c - 5 rations


   Skills:
 + Level 3.2 Fighting
 + Level 4.6 Dodging
 + Level 3.5 Stealth
 * Level 4.1 Unarmed Combat
 + Level 2.0 Spellcasting
 + Level 0.2 Charms
 + Level 4.4 Translocations


You had one spell level left.
You knew the following spells:

 Your Spells              Type           Power        Failure   Level  Hunger
a - Blink                 Tloc           N/A          5%          2    ###....
b - Shroud of Golubria    Chrm/Tloc      #.....       13%         2    ###....
c - Teleport Other        Tloc           ##......     11%         3    ###....

Your spell library contained the following spells:

 Spells                   Type           Power        Failure   Level  Hunger
 Gell's Gravitas          Tloc           ##........   11%         3    ###....
 Lesser Beckoning         Tloc           ##........   11%         3    ###....
 Passage of Golubria      Tloc           N/A          34%         4    #####..


Dungeon Overview and Level Annotations

Branches:
Dungeon (4/15)
 Temple: D:4-7

Altars:


Innate Abilities, Weirdness & Mutations

You cannot wear armour.
You are incapable of wielding weapons or throwing items.
Your paws allow you to move quietly. (Stealth)
You have sharp claws.
You have razor-sharp teeth.
You have supernaturally acute eyesight. (SInv)
You are carnivorous and can eat meat at any time.
You cover ground quickly.
You are covered in fur. (AC +1)
You have a slow metabolism.
Your sharp claws are effective at attacking unaware monsters.


Message History

You kill the giant cockroach!
You claw the giant cockroach!
You kill the giant cockroach!
No target in view!
No target in view!
A hound comes into view.
The hound barks!
The hound closely misses you.
You barely miss the hound. The hound bites you.
You barely miss the hound. The hound misses you.
You scratch the hound but do no damage. The hound bites you. x2
* * * LOW HITPOINT WARNING * * *
You are too injured to fight recklessly!
You are too injured to fight recklessly!
You miss the hound. Your bite misses the hound. The hound bites you.
* * * LOW HITPOINT WARNING * * *
You scratch the hound.
The hound is moderately wounded.
The hound bites you.
You die...

.)...............#
...............>.#
.................#
.................####
...................#
.#................#
#####..............#
...................#
###.h@...........#
#..................#
..########.........#
###########


You could see a hound.

Vanquished Creatures
  A necrophage (D:3)
  An orc wizard (D:3)
  A centaur skeleton (D:4)
  A gnoll (D:1)
  An adder (D:2)
  An ooze (D:1)
  2 worms
  A dart slug (D:1)
  A leopard gecko (D:3)
  7 orcs
  A ball python (D:1)
  7 giant cockroaches
  12 goblins
  9 hobgoblins (D:1)
  3 jackals (D:1)
  A quokka (D:2)
  11 bats
  5 frilled lizards
  A jackal skeleton (D:4)
  8 kobolds
  A rat (D:2)
76 creatures vanquished.

Notes
Turn   | Place    | Note
-------+----------+-------------------------------------------
     0 | D:1      | Descartes the Felid Warper began the quest for the Orb.
     0 | D:1      | Reached XP level 1. HP: 9/9 MP: 4/4
   291 | D:1      | Reached XP level 2. HP: 13/13 MP: 6/6
   294 | D:1      | Reached skill level 1 in Stealth
   691 | D:1      | Reached XP level 3. HP: 7/16 MP: 7/7
  2324 | D:2      | Reached XP level 4. HP: 19/20 MP: 8/8
  2951 | D:3      | Noticed a necrophage
  3275 | D:3      | Killed from afar by an orc wizard
  3276 | D:3      | Reached XP level 3. HP: -3/16 MP: 7/7
  3826 | D:3      | Killed a necrophage
  3826 | D:3      | Reached XP level 4. HP: 9/19 MP: 8/8
  4200 | D:3      | Reached XP level 5. HP: 4/22 MP: 9/9
  4996 | D:3      | Learned a level 2 spell: Blink
  4999 | D:3      | Learned a level 2 spell: Shroud of Golubria
  5003 | D:3      | Learned a level 3 spell: Teleport Other
  5072 | D:4      | Slain by a hound

Levels and vault maps discovered:
D:1:      roderic_crossed_star, layout_rooms, chequers_serial_rivers_room_b
D:2:      layout_basic, minmay_misc_feat_tiny
D:3:      layout_loops_ring, first_ration
D:4:      layout_rooms, vehumet_statue, grunt_temple_overflow_diamond

Skill      XL: |  1  2  3  4 |
---------------+-------------+-----
Stealth        | 1 3 |  3.5
Unarmed Combat | 3 4 |  4.1
Dodging        | 4 |  4.6
Fighting       | 3 |  3.2
Spellcasting   | |  2.0
Charms         | |  0.2
Translocations | |  4.4

Action                   |  1- 3 |  4- 6 || total
-------------------------+-------+-------++-------
Melee: Unarmed           |   188 |   111 ||   299
       Punch             |     2 |     2 ||     4
       Bite              |    14 |    12 ||    26
  Use: Potion            |     1 |     1 ||     2
 Stab: Sleeping          |     6 |     5 ||    11
  Eat: Chunk             |    11 |     5 ||    16
Armor: Skin              |    10 |     6 ||    16
Dodge: Dodged            |   175 |    87 ||   262
